 Dungeon Crawl Stone Soup version 0.31-a0-889-g1a8549509d (webtiles) character file.

Game seed: 12004943086390957604

301 gelatine the Ducker (level 6, 0/62 HPs)
             Began as an Ogre Gladiator on Oct 17, 2023.
             Slain by Pikel
             ... wielding a +2 whip of freezing
              (4 damage)
             ... on level 3 of the Dungeon.
             The game lasted 00:06:55 (2559 turns).

gelatine the Ducker (Ogre Gladiator)                Turns: 2559, Time: 00:06:56

Health: 0/62       AC:  3    Str: 21    XL:     6   Next: 37%
Magic:  6/6        EV: 12    Int:  9    God:
Gold:   142        SH:  0    Dex: 16    Spells: 5/5 levels left

rFire   . . .        i - +1 whip (freeze)
rCold   . . .        (no shield)
rNeg    . . .        a - +0 robe
rPois   .            b - +0 hat
rElec   .            (no cloak)
rCorr   .            (gloves unavailable)
SInv    .            (boots unavailable)
Will    .....        (no amulet)
Stlth   ++           u - +6 ring of dexterity
HPRegen 0.30/turn    (no ring)
MPRegen 0.10/turn

%: no passive effects
@: no status effects
A: large, unfitting armour, tough skin 1
a: no special abilities


You were on level 3 of the Dungeon.
You visited 1 branch of the dungeon, and saw 4 of its levels.

You collected 142 gold pieces.

Inventory:

Hand Weapons
 i - a +1 whip of freezing (weapon)
Missiles
 r - 2 throwing nets
Armour
 a - a +0 robe (worn)
 b - a +0 hat (worn)
Jewellery
 u - a +6 ring of dexterity (left hand)
Scrolls
 c - a scroll of noise {unknown}
 g - a scroll of enchant armour {unknown}
 m - a scroll of revelation {unknown}
 p - a scroll of butterflies {unknown}
 s - a scroll of torment {unknown}
 t - a scroll of immolation {unknown}
Potions
 e - a potion of cancellation
 f - 2 potions of curing
 h - 2 potions of enlightenment {unknown}
 j - 4 potions of haste {unknown}
 k - a potion of brilliance
 l - a potion of attraction
 o - 2 potions of heal wounds {unknown}
 q - a potion of degeneration {unknown}
 v - a potion of resistance {unknown}


   Skills:
 * Level 3.7 Fighting
 * Level 2.4 Maces & Flails
 + Level 2.4 Throwing
 * Level 4.6 Dodging
 + Level 0.6 Stealth
 + Level 3.3 Unarmed Combat


You had 5 spell levels left.
You didn't know any spells.
Your spell library contained the following spells:

 Spells                   Type           Power      Damage    Failure   Level
 Tukima's Dance           Hex            0%         N/A       77%         3
 Dimensional Bullseye     Hex/Tloc       0%         N/A       99%         4
 Iskenderun's Mystic Bla  Conj/Tloc      0%         2d3       99%         4


Dungeon Overview and Level Annotations

Branches:
Dungeon (4/15)             Temple (0/1) D:4

Altars:
Ashenzari
Ru
Trog

Annotations:
D:3 Pikel


Innate Abilities, Weirdness & Mutations

You are too large for most types of armour.
You have tough skin. (AC +1)


Message History

You barely miss the adder.
The adder is moderately wounded.
You feel sick. The adder bites you but does no damage.
Pikel hits you with a +2 whip of freezing.
Pikel freezes you. The adder bites you but does no damage.
You hit the adder.
The adder seems to slow down.
You freeze the adder.
The adder is almost dead.
You feel sick.
Pikel hits you with a +2 whip of freezing.
Pikel freezes you. The adder misses you.
You hit the adder. You freeze the adder.
You kill the adder!
You feel sick.
Pikel hits you with a +2 whip of freezing.
Pikel freezes you.
You hit Pikel but do no damage.
You feel sick.
You are no longer poisoned.
Pikel hits you with a +2 whip of freezing!
Pikel freezes you.
* * * LOW HITPOINT WARNING * * *
You barely miss Pikel. Pikel barely misses you.
Unknown command.
You hit Pikel but do no damage.
Pikel hits you with a +2 whip of freezing.
* * * LOW HITPOINT WARNING * * *
Pikel freezes you.
* * * LOW HITPOINT WARNING * * *
Unknown command.
You hit Pikel but do no damage.
Pikel hits you with a +2 whip of freezing!
* * * LOW HITPOINT WARNING * * *
Pikel freezes you.
* * * LOW HITPOINT WARNING * * *
Unknown command.
It was a potion of curing.
You feel better.
Pikel hits you with a +2 whip of freezing!
* * * LOW HITPOINT WARNING * * *
Pikel freezes you.
You die...
Pikel says, "See you in Hell!"

##### #...#
#...###### #...##...#
#...##..## #......##
## #....#>##
########. #.....†.#
#........
####..K@####
#.......# #...)...#
#######.#
#..###..###########.#
#..# #.....>..#......
#..# ##.#####.#......
#..# #.## #.#......
##..# #..# #.#......
#...# ##.## #........
#.#.# #..#####......


You could see Pikel.

Vanquished Creatures
  A black bear (D:2)
  A scorpion (D:4)
  A hound (D:3)
  Terence (D:3)
  4 adders
  2 dart slugs (D:1)
  2 orcs (D:3)
  2 ball pythons
  5 endoplasms
  4 giant cockroaches
  5 hobgoblins
  6 jackals (D:3)
  5 kobolds
  3 quokkas
  4 bats
  2 frilled lizards (D:3)
  4 goblins
  5 rats
57 creatures vanquished.

Notes
Turn   | Place    | Note
-------+----------+-------------------------------------------
     0 | D:1      | gelatine the Ogre Gladiator began the quest for the Orb.
     0 | D:1      | Reached XP level 1. HP: 22/22 MP: 1/1
    70 | D:1      | Reached skill level 3 in Dodging
    80 | D:1      | Reached XP level 2. HP: 25/29 MP: 2/2
   561 | D:1      | Reached XP level 3. HP: 36/36 MP: 3/3
   926 | D:2      | Noticed a black bear
   940 | D:2      | Killed a black bear
   941 | D:2      | Reached skill level 1 in Maces & Flails
   941 | D:2      | Reached skill level 4 in Dodging
   941 | D:2      | Reached XP level 4. HP: 19/45 MP: 4/4
  1078 | D:2      | Found a faded altar of an unknown god.
  1211 | D:2      | Found a bloodstained altar of Trog.
  1274 | D:2      | Reached XP level 5. HP: 53/53 MP: 5/5
  1511 | D:3      | Noticed Terence
  1518 | D:3      | Killed Terence
  2086 | D:3      | Found a sacrificial altar of Ru.
  2193 | D:4      | Found a broken altar of Ashenzari.
  2207 | D:4      | Found a staircase to the Ecumenical Temple.
  2209 | D:4      | Reached XP level 6. HP: 10/62 MP: 6/6
  2528 | D:4      | Noticed Pikel
  2558 | D:3      | HP: 3/62 [Pikel/+2 whip of freezing (9)]
  2559 | D:3      | Slain by Pikel

Illustrated notes

Levels and vault maps discovered:
D:1:      sevenhm_arrival_forest_fort_large_4, layout_rooms, minmay_cut_off
D:2:      layout_basic, dreamdust_ecumenical_altar_hidden_monk_grotto,
          basic_altar
D:3:      layout_rooms, nicolae_ru_great_annihilating_truth,
          corexii_leaking_fountain, minmay_curled_crystal, uniq_terence
D:4:      layout_cave_pools, nicolae_dithmenos_the_darkroom,
          mainiacjoe_overflow_small_starburst, minmay_temple_entry_ruins,
          serial_shops, shop, kennysheep_small_circle, uniq_ijyb, uniq_pikel,
          uniq_sigmund

Skill      XL: |  1  2  3  4  5 |
---------------+----------------+-----
Dodging        | 3 4 |  4.6
Fighting       | 3 |  3.7
Maces & Flails | 1 2 |  2.4
Unarmed Combat | 3 |  3.3
Throwing       | |  2.4
Stealth        | |  0.6

Action                     |  1- 3 |  4- 6 || total
---------------------------+-------+-------++-------
  Melee: Unarmed           |    46 |       ||    46
         Whip              |    21 |   120 ||   141
         Punch             |       |     2 ||     2
  Throw: Throwing net      |     3 |     1 ||     4
         Large rock        |       |     4 ||     4
    Use: Scroll            |       |     3 ||     3
         Potion            |       |     1 ||     1
   Stab: Held in net/web   |     2 |       ||     2
         Paralysed         |       |     1 ||     1
 Armour: Robe              |    54 |   114 ||   168
  Dodge: Dodged            |    45 |    76 ||   121

Table legend: (Time is in decaauts)
 A = Elapsed time spent in this place.
 B = Non-inter-level travel time spent in this place.
 C = Inter-level travel time spent in this place.
 D = Time resting spent in this place.
 E = Time spent auto-exploring this place.
 F = Levels seen in this place.
 G = Mean time per level.
                   A        B        C        D        E       F      G
               +--------+--------+--------+--------+--------+-----+--------+
         Total |   2562 |   2493 |     69 |      0 |   1966 |   4 |  640.5 |
       Dungeon |   2562 |   2493 |     69 |      0 |   1966 |   4 |  640.5 |
               +--------+--------+--------+--------+--------+-----+--------+

Top non-repeatable levels by time:
     D:3: 921 daAuts
     D:1: 809 daAuts
     D:2: 611 daAuts
     D:4: 220 daAuts
